 Dungeon Crawl Stone Soup version 0.30-a0-737-gf23d94013f (webtiles) character file.

Game seed: 12408480694719873148

365 M4edhros the Insei (level 6, -1/39 HPs)
             Began as an Octopode Artificer on Feb 2, 2023.
             Was a Follower of Cheibriados.
             Slain by an orc
             ... wielding a +0 trident
              (3 damage)
             ... on level 5 of the Dungeon.
             The game lasted 00:06:59 (3167 turns).

M4edhros the Insei (Octopode Artificer)             Turns: 3167, Time: 00:06:59

Health: -1/39      AC:  3    Str: 14    XL:     6   Next: 68%
Magic:  1/6        EV: 14    Int: 15    God:    Cheibriados [*.....]
Gold:   276        SH:  0    Dex: 16    Spells: 2/5 levels left

rFire   . . .      SeeInvis .      - Unarmed
rCold   . . .      Faith    .    (no shield)
rNeg    . . .      Spirit   .    k - +2 hat
rPois   .          Reflect  .    (no amulet)
rElec   .          Harm     .    o - ring of resist corrosion
rCorr   +          Rampage  .    (no ring)
Will    .....                    (no ring)
Stlth   +++                      (no ring)
HPRegen 0.26/turn                (no ring)
MPRegen 0.10/turn                (no ring)
                                 (no ring)
                                 (no ring)

@: very slow
A: almost no armour, amphibious, 8 rings, camouflage 1, gelatinous body 1,
(nimble swimmer 1), tentacles
a: Renounce Religion, Bend Time


You were on level 5 of the Dungeon.
You worshipped Cheibriados.
Cheibriados was aware of your devotion.
You visited 2 branches of the dungeon, and saw 6 of its levels.

You collected 276 gold pieces.

Inventory:

Missiles
 e - 4 silver javelins
 h - 17 poisoned darts
Armour
 j - a +0 buckler
 k - a +2 hat (worn)
Jewellery
 o - a ring of resist corrosion (left tentacle)
Wands
 b - a wand of flame (10) (quivered)
 c - a wand of charming (15)
 d - a wand of iceblast (5)
Scrolls
 a - a scroll of vulnerability
 f - 3 scrolls of teleportation
 g - a scroll of fog
 i - a scroll of summoning
 q - a scroll of magic mapping {unknown}
 s - a scroll of torment {unknown}
 t - a scroll of fear {unknown}
Potions
 l - a potion of attraction
 m - 4 potions of heal wounds
 n - 6 potions of curing
 p - a potion of mutation {unknown}
 r - a potion of haste {unknown}
 u - a potion of degeneration {unknown}


   Skills:
 + Level 2.0 Fighting
 + Level 3.0 Dodging
 - Level 1.3 Stealth
 - Level 0.3 Shields
 * Level 4.9 Unarmed Combat
 + Level 1.7 Transmutations
 + Level 2.1 Poison Magic
 - Level 3.2 Evocations


You had 2 spell levels left.
You knew the following spells:

 Your Spells              Type           Power      Damage    Failure   Level
a - Spider Form           Tmut/Pois      5%         N/A       36%         3

Your spell library contained the following spells:

 Spells                   Type           Power      Damage    Failure   Level
 Poisonous Vapours        Pois/Air       6%         N/A       26%         2
 Cigotuvi's Dreadful Rot  Necr/Pois/Air  4%         N/A       30%         2
 Ensorcelled Hibernation  Hex/Ice        0%         N/A       38%         2
 Mephitic Cloud           Conj/Pois/Air  2%         N/A       52%         3
 Call Canine Familiar     Summ           0%         N/A       63%         3
 Portal Projectile        Hex/Tloc       0%         N/A       63%         3
 Olgreb's Toxic Radiance  Pois           6%         N/A       75%         4
 Anguish                  Hex/Necr       0%         N/A       95%         4
 Cause Fear               Hex            0%         N/A       95%         4
 Leda's Liquefaction      Hex/Erth       0%         N/A       95%         4
 Manifold Assault         Tloc           0%         N/A       95%         4
 Dispersal                Tloc           0%         N/A       100%        6
 Dragon Form              Tmut           2%         N/A       100%        7
 Ozocubu's Refrigeration  Ice            0%         4d7       100%        7
 Disjunction              Tloc           0%         N/A       100%        8
 Ignition                 Fire           0%         3d3       100%        8
 Dragon's Call            Summ           0%         N/A       100%        9


Dungeon Overview and Level Annotations

Branches:
Dungeon (5/15)             Temple (1/1) D:4

Altars:
Ashenzari
Cheibriados
Dithmenos
Gozag
Kikubaaqudgha
Makhleb
Nemelex Xobeh
Qazlal
Ru
Sif Muna
Trog
Uskayaw
Vehumet
Wu Jian
Xom
Lugonu


Innate Abilities, Weirdness & Mutations

You cannot wear most types of armour.
You are amphibious.
You can wear up to eight rings at the same time.
Your skin changes colour to match your surroundings (Stealth+).
Your rubbery body absorbs attacks. (AC +1, EV +1)
((You are camouflaged when in or above water. (Stealth+)))
You have tentacles for arms and can constrict up to eight enemies at once.


Message History

The orc completely misses you.
You hit the orc wizard.
The orc wizard is poisoned.
The orc wizard is moderately wounded.
The worm closely misses you. The orc misses you. The orc completely misses you.
The orc wizard casts a spell at you. The magic dart hits you!
You hit the orc wizard.
The orc wizard looks as sick as possible!
The orc wizard is severely wounded.
The orc misses you.
The orc hits you from afar with a +0 trident.
You hit the orc wizard.
The orc wizard looks as sick as possible!
The orc wizard is almost dead.
You kill the orc wizard!
Cheibriados appreciates the change of pace.
The worm barely misses you. The orc barely misses you. x2
You hit the worm.
The worm looks as sick as possible!
The worm is moderately wounded.
The orc closely misses you.
The orc hits you from afar with a +0 trident.
Your magical contamination has completely faded away.
The orc closely misses you. x2
There is an open door here.
You hit the worm.
You kill the worm!
The orc hits you from afar with a +0 trident.
Your transformation has ended.
Your +2 hat unmelds from your body.
The orc hits you but does no damage. The orc closely misses you.
The orc hits you with a +0 trident!
* * * LOW HITPOINT WARNING * * *
The orc closely misses you. The orc hits you with a +0 trident.
* * * LOW HITPOINT WARNING * * *
There is an open door here.
You tentacle-slap the orc but do no damage.
Your grab misses the orc. The orc hits you with a +0 trident.
* * * LOW HITPOINT WARNING * * *
The orc hits you with a +0 trident.
You die...

#...#...#...
#....#...'...#...
#....#...##'##... #..
#####+#....#...#.....##
#..##.....#....#...#.....'.
#.........#....#...+...†.#.
..........#....#...#.....#.
.........o#....#...#.....#.
.........@o...#...#.....#.
.##..)..#....#...#.....#.
#.....#....#...#.....##
#.........#....#...#....##
..........#....'...#...#
...##.....#....#...# ..
#.....#....#...#... §.§ .
......#....+...#...#≈.≈
.......#....#...#...#≈.≈


You could see 2 orcs.

Vanquished Creatures
  2 scorpions (D:5)
  A hound (D:4)
  An orc wizard (D:5)
  Robin (D:3)
  3 gnolls (D:2)
  6 adders
  2 worms
  2 dart slugs
  6 orcs
  6 endoplasms
  3 giant cockroaches
  20 goblins
  5 hobgoblins
  2 jackals (D:5)
  2 ball pythons (D:2)
  6 bats
  3 frilled lizards
  7 kobolds
  6 rats
84 creatures vanquished.

Notes
Turn   | Place    | Note
-------+----------+-------------------------------------------
     0 | D:1      | M4edhros the Octopode Artificer began the quest for the
                  | Orb.
     0 | D:1      | Reached XP level 1. HP: 13/13 MP: 1/1
    37 | D:1      | Reached skill level 1 in Unarmed Combat
    82 | D:1      | Reached XP level 2. HP: 13/18 MP: 2/2
   156 | D:1      | Reached skill level 2 in Unarmed Combat
   505 | D:1      | Reached XP level 3. HP: 23/23 MP: 3/3
   677 | D:2      | Reached skill level 3 in Unarmed Combat
   794 | D:2      | Reached XP level 4. HP: 28/28 MP: 4/4
   881 | D:3      | Found a broken altar of Ashenzari.
   881 | D:3      | Found a faded altar of an unknown god.
   892 | D:3      | Noticed Robin
   989 | D:4      | Found a staircase to the Ecumenical Temple.
  1002 | Temple   | Entered the Ecumenical Temple
  1387 | D:4      | Reached skill level 4 in Unarmed Combat
  1433 | D:4      | Learned a level 3 spell: Spider Form
  1567 | D:4      | Identified the +6 scale mail of Faureeh {-Tele rF+ rCorr}
  1927 | D:4      | Reached XP level 5. HP: 33/33 MP: 5/5
  2332 | D:3      | Found a snail-covered altar of Cheibriados.
  2332 | D:3      | Found a shimmering altar of Xom.
  2333 | D:3      | Found a shadowy altar of Dithmenos.
  2336 | D:3      | Became a worshipper of Cheibriados the Contemplative
  2407 | D:2      | Reached skill level 1 in Poison Magic
  2425 | D:2      | Reached skill level 1 in Transmutations
  2708 | D:3      | Reached * piety under Cheibriados
  2711 | D:3      | Killed Robin
  2825 | D:3      | Found a radiant altar of Vehumet.
  2943 | D:5      | Entered Level 5 of the Dungeon
  3000 | D:5      | Found a burning altar of Makhleb.
  3013 | D:5      | Reached XP level 6. HP: 18/39 MP: 6/6
  3167 | D:5      | Slain by an orc

Illustrated notes

Levels and vault maps discovered:
D:1:      minmay_arrival_nine_rooms, layout_rooms, minmay_curled_crystal,
          interstate_on_off, ebering_dispersal_statue_hall
D:2:      layout_basic, due_unseen_surprise
D:3:      layout_rooms, good_gods_temple_1, nicolae_ashenzari_skybound,
          nicolae_overflow_quartered_altars, chequers_ecumenical_altar_simple,
          wander_ebering_terrifying_dragon_lair, uniq_robin
D:4:      layout_layer_cave, minmay_temple_entry_junction,
          kennysheep_generic_room_15
D:5:      layout_gridville, mainiacjoe_overflow_paths
Temple:   kb_corrupted_temple

Skill      XL: |  1  2  3  4  5  6 |
---------------+-------------------+-----
Unarmed Combat | 1 2 3 4 |  4.9
Poison Magic   | 1 2 |  2.1
Transmutations | 1 |  1.7
Fighting       | 2 |  2.0
Dodging        | 3 |  3.0
Stealth        | |  1.3
Shields        | |  0.3
Evocations     | |  3.2

Action                     |  1- 3 |  4- 6 || total
---------------------------+-------+-------++-------
  Melee: Unarmed           |    69 |   128 ||   197
         Constrict         |    18 |    35 ||    53
         Tentacles         |    14 |    23 ||    37
         Punch             |     1 |     5 ||     6
   Cast: Spider Form       |       |     1 ||     1
  Evoke: Wand              |       |     5 ||     5
    Use: Scroll            |     3 |     3 ||     6
         Potion            |     2 |     1 ||     3
   Stab: Sleeping          |     3 |     5 ||     8
 Armour: Skin              |    11 |    26 ||    37
  Dodge: Dodged            |    52 |   102 ||   154
  Block: Buckler           |       |     1 ||     1

Table legend: (Time is in decaauts)
 A = Elapsed time spent in this place.
 B = Non-inter-level travel time spent in this place.
 C = Inter-level travel time spent in this place.
 D = Time resting spent in this place.
 E = Time spent auto-exploring this place.
 F = Levels seen in this place.
 G = Mean time per level.
                   A        B        C        D        E       F      G
               +--------+--------+--------+--------+--------+-----+--------+
         Total |   3398 |   2848 |    550 |    106 |   1534 |   6 |  566.3 |
       Dungeon |   3299 |   2768 |    531 |    106 |   1485 |   5 |  659.8 |
        Temple |     99 |     80 |     19 |      0 |     49 |   1 |   99.0 |
               +--------+--------+--------+--------+--------+-----+--------+

Top non-repeatable levels by time:
     D:4: 1122 daAuts
     D:1: 719 daAuts
     D:3: 658 daAuts
     D:2: 514 daAuts
     D:5: 284 daAuts
  Temple: 99 daAuts
